 Dungeon Crawl Stone Soup version 0.28-a0-793-g31680bb (webtiles) character file.

Game seed: 767119742113127691

20 Sixotanaka the Chiller (level 2, -2/19 HPs)
             Began as a Merfolk Ice Elementalist on Nov 3, 2021.
             Killed from afar by a dart slug (3 damage)
             ... with a slug dart
             ... on level 1 of the Dungeon.
             The game lasted 00:01:06 (470 turns).

Sixotanaka the Chiller (Merfolk Ice Elementalist)    Turns: 470, Time: 00:01:07

Health: -2/19      AC:  3    Str:  8    XL:     2   Next: 79%
Magic:  0/5        EV: 12    Int: 14    God:
Gold:   22         SH:  0    Dex: 14    Spells: 4/5 levels left

rFire   . . .      SeeInvis .   b - +0 dagger
rCold   . . .      Faith    .   (no shield)
rNeg    . . .      Spirit   .   a - +0 robe
rPois   .          Reflect  .   (no helmet)
rElec   .          Harm     .   (no cloak)
rCorr   .          Rampage  .   (no gloves)
Will    .....                   c - +0 pair of boots
Stlth   ++........              (no amulet)
HPRegen 0.06/turn               (no ring)
MPRegen 0.09/turn               (no ring)

@: no status effects
A: (nimble swimmer 2), mertail
a: no special abilities


You were on level 1 of the Dungeon.
You visited 1 branch of the dungeon, and saw 1 of its levels.

You collected 22 gold pieces.

Inventory:

Hand Weapons
 b - a +0 dagger (weapon)
Armour
 a - a +0 robe (worn)
 c - a +0 pair of boots (worn)
Scrolls
 d - a scroll of teleportation {unknown}


   Skills:
 - Level 2.6 Dodging
 - Level 2.1 Stealth
 - Level 2.0 Spellcasting
 + Level 5.2 Ice Magic


You had 4 spell levels left.
You knew the following spells:

 Your Spells              Type           Power      Damage    Failure   Level
a - Freeze                Ice            64%        1d8       2%          1

Your spell library contained the following spells:

 Spells                   Type           Power      Damage    Failure   Level
 Frozen Ramparts          Ice            32%        1d5       9%          3
 Ozocubu's Armour         Ice            16%        N/A       9%          3
 Tukima's Dance           Hex            1%         N/A       56%         3
 Hailstorm                Conj/Ice       8%         3d4       63%         4
 Passage of Golubria      Tloc           1%         N/A       93%         4
 Yara's Violent Unravell  Hex/Tmut       0%         3d3       100%        5


Dungeon Overview and Level Annotations

Branches:
Dungeon (1/15)

Altars:


Innate Abilities, Weirdness & Mutations

((You are quick and stealthy near water. (Stealth+, EV+, Speed+++)))
Your lower body shifts to a powerful aquatic tail in water.


Message History

Aiming: Freeze (safe; 2% risk of failure)
Press: ? - help, Shift-Dir - straight line, f - dart slug
Aim: a dart slug You freeze the dart slug.
The dart slug is heavily wounded.
Casting: Freeze (safe; 2% risk of failure)
Confirm with . or Enter, or press ? or * to list all spells.
Aiming: Freeze (safe; 2% risk of failure)
Press: ? - help, Shift-Dir - straight line, f/p - dart slug
Aim: a dart slug (moderately wounded)
You freeze the dart slug.
The dart slug is heavily wounded.
The dart slug launches a dart at you. The slug dart hits you.
You hit the dart slug.
The dart slug is severely wounded.
The dart slug bites you but does no damage.
You hit the dart slug but do no damage.
The dart slug is severely wounded.
You barely miss the dart slug.
The dart slug is severely wounded.
The dart slug launches a dart at you. The slug dart hits you.
* * * LOW HITPOINT WARNING * * *
The dart slug barely misses you.
You hit the dart slug.
The dart slug is almost dead.
The dart slug closely misses you. The dart slug launches a dart at you.
The slug dart misses you.
You see here a +0 club.
The dart slug bites you.
* * * LOW HITPOINT WARNING * * *
Things that are here:
a +0 spear; a dart slug corpse You hit the dart slug but do no damage.
The dart slug is almost dead.
The dart slug launches a dart at you. The slug dart hits you.
You die...

.... ..# .# ≈≈≈≈≈ .####.#.# #.#
.## ≈≈≈≈≈ ........###.# ?.. #####
..........#.####.#### .....
.................... .>...
...w.w.......##..# ###..
.......#..#......######### #.#
..............#.#......... #..
.....#......#...@w.### #..
................#w.### #.#
................#....# #.#
....!#......#...#....# ####.#
................#....# #....#
.......#..#.....##.#########.##.#
.:##............###PP..#PPP.###.#
.! ####........#.P..[..#...P..P##
#######.##PP....P#.P..P.P##


You could see 2 dart slugs.

Vanquished Creatures
  A gnoll (D:1)
  A dart slug (D:1)
  A bat (D:1)
  A giant cockroach (D:1)
  A goblin (D:1)
  A hobgoblin (D:1)
  A kobold (D:1)
  A rat (D:1)
8 creatures vanquished.

Notes
Turn   | Place    | Note
-------+----------+-------------------------------------------
     0 | D:1      | Sixotanaka the Merfolk Ice Elementalist began the quest for
                  | the Orb.
     0 | D:1      | Reached XP level 1. HP: 13/13 MP: 3/3
   257 | D:1      | Found a faded altar of an unknown god.
   369 | D:1      | Reached XP level 2. HP: 15/19 MP: 0/5
   451 | D:1      | Reached skill level 5 in Ice Magic
   470 | D:1      | Killed from afar by a dart slug

Illustrated notes

Levels and vault maps discovered:
D:1:      dpeg_arrival_shrine, layout_basic, shapermc_ecumenical_altar_gd,
          minmay_misc_feat_plants

Skill      XL: |  1  2 |
---------------+-------+-----
Ice Magic      | 5 |  5.2
Dodging        | |  2.6
Stealth        | |  2.1
Spellcasting   | |  2.0

Action                   || total
-------------------------++-------
Melee: Dagger            ||    10
 Cast: Freeze            ||    16
Armor: Robe              ||     3
Dodge: Dodged            ||    14

Table legend: (Time is in decaauts)
 A = Elapsed time spent in this place.
 B = Non-inter-level travel time spent in this place.
 C = Inter-level travel time spent in this place.
 D = Time resting spent in this place.
 E = Time spent auto-exploring this place.
 F = Levels seen in this place.
 G = Mean time per level.
                   A        B        C        D        E       F      G
               +--------+--------+--------+--------+--------+-----+--------+
         Total |    467 |    467 |      0 |    228 |    131 |   1 |  467.0 |
       Dungeon |    467 |    467 |      0 |    228 |    131 |   1 |  467.0 |
               +--------+--------+--------+--------+--------+-----+--------+

Top non-repeatable levels by time:
     D:1: 467 daAuts
